 Dungeon Crawl Stone Soup version 0.29-a0-283-ga02f740833 (webtiles) character file.

Game seed: 5442336942518614251

863 kae the Slasher (level 8, -2/63 HPs)
             Began as a Merfolk Abyssal Knight on Mar 13, 2022.
             Was a Priest of Lugonu.
             Slain by a gnoll
             ... wielding a +0 halberd
              (7 damage)
             ... on level 5 of the Dungeon.
             The game lasted 00:04:39 (5399 turns).

kae the Slasher (Merfolk Abyssal Knight)            Turns: 5399, Time: 00:04:40

Health: -2/63      AC: 12    Str: 14    XL:     8   Next: 2%
Magic:  11/11      EV: 11    Int:  9    God:    Lugonu [***...]
Gold:   1410       SH:  0    Dex: 16    Spells: 7/7 levels left

rFire   + . .      SeeInvis .   r - +5 falchion
rCold   . . .      Faith    .   (no shield)
rNeg    . . .      Spirit   .   c - +0 scale mail {rF+}
rPois   .          Reflect  .   d - +2 helmet
rElec   .          Harm     .   (no cloak)
rCorr   .          Rampage  .   (no gloves)
Will    .....                   g - +2 pair of boots
Stlth   ..........              (no amulet)
HPRegen 0.20/turn               (no ring)
MPRegen 0.12/turn               (no ring)

@: no status effects
A: (nimble swimmer 2), mertail
a: Renounce Religion, Depart the Abyss, Bend Space, Banish


You were on level 5 of the Dungeon.
You worshipped Lugonu.
Lugonu was most pleased with you.
You visited 1 branch of the dungeon, and saw 5 of its levels.
You visited the Abyss 1 time.

You collected 1449 gold pieces.
You spent 39 gold pieces at shops.

Inventory:

Hand Weapons
 a - a +2 falchion
 m - a +2 great sword
 r - a +5 falchion (weapon)
Missiles
 o - a throwing net
Armour
 b - a +0 leather armour
 c - a +0 scale mail of fire resistance (worn)
 d - a +2 helmet (worn)
 g - a +2 pair of boots (worn)
Jewellery
 l - a ring of fire
 p - a +6 ring of dexterity
Wands
 t - a wand of flame (13)
Potions
 e - a potion of flight
 f - a potion of cancellation
 h - a potion of haste
 i - a potion of might
 j - 3 potions of lignification
 k - a potion of curing
 n - a potion of attraction
 q - a potion of invisibility {unknown}
 s - a potion of heal wounds {unknown}


   Skills:
 + Level 5.4 Fighting
 * Level 7.0 Long Blades
 - Level 0.6 Armour
 + Level 5.7 Dodging
 + Level 4.6 Invocations


You had 7 spell levels left.
You didn't know any spells.
Your spell library contained the following spells:

 Spells                   Type           Power      Damage    Failure   Level
 Magic Dart               Conj           0%         1d3       88%         1
 Searing Ray              Conj           0%         2d4       95%         2
 Sublimation of Blood     Necr           0%         N/A       95%         2
 Wereblood                Tmut           0%         N/A       95%         2
 Frozen Ramparts          Ice            0%         1d2       99%         3
 Fulminant Prism          Conj/Hex       0%         3d6       100%        4
 Ice Form                 Ice/Tmut       0%         N/A       100%        4
 Summon Ice Beast         Ice/Summ       0%         N/A       100%        4
 Summon Hydra             Summ           0%         N/A       100%        7


Dungeon Overview and Level Annotations

Branches:
Dungeon (5/15)
 Temple: D:4-7

Altars:
Zin
The Shining One

Shops:
D:2 !!=

Annotations:
D:3 exclusion: ogre
D:4 1 runed translucent door, Crazy Yiuf


Innate Abilities, Weirdness & Mutations

((You are very nimble when in or above water. (Stealth+, EV+, Speed+++)))
Your lower body shifts to a powerful aquatic tail in water.


Message History

You hit the gnoll.
The gnoll is heavily wounded.
You hear a shout!
The gnoll hits you but does no damage.
You slash the gnoll!
You kill the gnoll!
Lugonu accepts your kill.
You hit the gnoll shaman but do no damage.
An ogre comes into view. It is wielding a +0 giant club.
The gnoll shaman mumbles some strange prayers to its god against you.
You resist with some effort.
The ogre shouts!
You hit the gnoll shaman.
The gnoll shaman is moderately wounded.
The gnoll shaman closely misses you.
You hit the gnoll shaman.
The gnoll shaman is heavily wounded.
You slash the gnoll shaman!
You kill the gnoll shaman!
Lugonu accepts your kill.
A gnoll comes into view. It is wielding a +0 halberd.
Your Long Blades skill increases to level 7!
You have reached level 8!
You slash the ogre!
The ogre is heavily wounded.
The ogre hits you with a +0 giant club. The gnoll barely misses you.
You slash the ogre!
The ogre is severely wounded.
The gnoll hits you from afar with a +0 halberd.
The ogre hits you with a +0 giant club!
You hit the ogre.
The ogre is severely wounded.
The gnoll misses you.
The gnoll hits you from afar with a +0 halberd.
You hit the ogre.
The ogre is almost dead.
The ogre hits you with a +0 giant club!!
* * * LOW HITPOINT WARNING * * *
The gnoll hits you from afar with a +0 halberd!
You die...

...###########..
..............))).
...........#####..
#.........# #..
+.........# ###
.........##### .
.............#
....########.##......###
#....O@.g...........'..
........####.##......###
.#.####g####.##......#
...........####.###
.##...#..........#
.....#.###.#.....
##...#.# g#...... #
#...#.# .#..g....
#.##...#'###....#+####


You could see an ogre and 2 gnolls.

Vanquished Creatures
  A black bear (D:4)
  An ice beast (D:4)
  A centaur (D:5)
  A phantom (D:5)
  3 wights
  3 gnoll shamans
  An iguana (D:5)
  Robin (D:1)
  9 gnolls
  5 adders
  2 white imps (D:5)
  4 ufetubi
  9 orcs
  5 endoplasms
  3 giant cockroaches
  14 goblins
  8 hobgoblins
  2 jackals (D:1)
  2 kobolds (D:1)
  2 quokkas
  4 frilled lizards
  9 rats
90 creatures vanquished.

Notes
Turn   | Place    | Note
-------+----------+-------------------------------------------
     0 | Abyss:1  | kae the Merfolk Abyssal Knight began the quest for the Orb.
     0 | Abyss:1  | Reached XP level 1. HP: 18/18 MP: 2/2
    70 | Abyss:1  | Noticed a spatial vortex
    70 | Abyss:1  | Noticed a spatial vortex
    71 | Abyss:1  | Noticed a spatial vortex
    71 | D:1      | Escaped the Abyss
   571 | D:1      | Reached ** piety under Lugonu
   656 | D:1      | Reached XP level 2. HP: 19/24 MP: 3/3
   867 | D:1      | Reached skill level 3 in Long Blades
  1140 | D:2      | Noticed Robin
  1158 | D:1      | Killed Robin
  1159 | D:1      | Reached XP level 3. HP: 27/29 MP: 4/4
  1487 | D:2      | Found Miates's Distillery.
  1504 | D:2      | Bought a potion of lignification for 39 gold pieces
  1506 | D:2      | Found Sigguaf's Distillery.
  1583 | D:2      | Reached XP level 4. HP: 37/37 MP: 5/5
  1710 | D:2      | Found Heacono's Jewellery Shoppe.
  1807 | D:2      | Found a faded altar of an unknown god.
  2043 | D:3      | Identified the +5 hunting sling "Heceycib" {vorpal, rElec
                  | rPois}
  2493 | D:3      | Reached skill level 4 in Long Blades
  2536 | D:3      | Found a glowing silver altar of Zin.
  2572 | D:3      | Found a glowing golden altar of the Shining One.
  2591 | D:3      | Noticed an ogre
  2634 | D:4      | Reached *** piety under Lugonu
  2792 | D:4      | Reached XP level 5. HP: 42/42 MP: 7/7
  3272 | D:4      | Noticed an ice beast
  3293 | D:4      | Killed an ice beast
  3294 | D:4      | Reached XP level 6. HP: 49/49 MP: 8/8
  3350 | D:4      | Found a runed translucent door.
  3351 | D:4      | Noticed Crazy Yiuf
  3384 | D:4      | Reached skill level 5 in Long Blades
  4450 | D:4      | Reached XP level 7. HP: 26/52 MP: 9/9
  4674 | D:4      | Reached skill level 5 in Fighting
  4674 | D:4      | Reached skill level 6 in Long Blades
  4674 | D:4      | Reached skill level 5 in Dodging
  4934 | D:5      | Entered Level 5 of the Dungeon
  5321 | D:5      | Identified a scroll of acquirement
  5321 | D:5      | Acquired 1231 gold pieces
  5395 | D:5      | Reached skill level 7 in Long Blades
  5395 | D:5      | Reached XP level 8. HP: 53/63 MP: 11/11
  5399 | D:5      | Slain by a gnoll

Illustrated notes

Levels and vault maps discovered:
D:1:      minmay_arrival_cross, layout_loops_ring,
          chequers_serial_rivers_micro_d, minmay_domino_4
D:2:      layout_rooms, serial_shops, shop, shop, nicolae_shop_hallway_plus,
          hellmonk_ecumenical_altar_arch_garden, uniq_robin
D:3:      layout_loops_ring, tso_altar, mainiacjoe_overflow_alcove_2
D:4:      layout_basic, uniq_crazy_yiuf_cottage
D:5:      minmay_clustersquares, layout_basic, okawaru_trees_1,
          serial_corexii_hall, chequers_hall_statues_y, corexii_hall_statues_i

Skill      XL: |  1  2  3  4  5  6  7 |
---------------+----------------------+-----
Dodging        | 3 4 5 |  5.7
Long Blades    | 3 4 5 7 |  7.0
Fighting       | 4 5 |  5.4
Invocations    | 3 4 |  4.6
Armour         | |  0.6

Action                   |  1- 3 |  4- 6 |  7- 9 || total
-------------------------+-------+-------+-------++-------
Melee: Falchion          |    93 |   157 |    67 ||   317
       Punch             |     1 |     1 |     1 ||     3
       Great sword       |       |     3 |       ||     3
Invok: Depart the Abyss  |     1 |       |       ||     1
       Bend Space        |       |     2 |       ||     2
  Use: Scroll            |     3 |     8 |     3 ||    14
       Potion            |       |     2 |       ||     2
Armor: Leather armour    |    37 |    71 |    13 ||   121
       Scale mail        |       |       |     3 ||     3
Dodge: Dodged            |    80 |   138 |    36 ||   254

Table legend: (Time is in decaauts)
 A = Elapsed time spent in this place.
 B = Non-inter-level travel time spent in this place.
 C = Inter-level travel time spent in this place.
 D = Time resting spent in this place.
 E = Time spent auto-exploring this place.
 F = Levels seen in this place.
 G = Mean time per level.
                   A        B        C        D        E       F      G
               +--------+--------+--------+--------+--------+-----+--------+
         Total |   5447 |   5283 |    164 |   1643 |   2688 |   6 |  907.8 |
       Dungeon |   5376 |   5212 |    164 |   1643 |   2618 |   5 | 1075.2 |
         Abyss |     71 |     71 |      0 |      0 |     70 |   1 |   71.0 |
               +--------+--------+--------+--------+--------+-----+--------+

Top non-repeatable levels by time:
     D:4: 1712 daAuts
     D:1: 1378 daAuts
     D:3: 1202 daAuts
     D:2: 618 daAuts
     D:5: 463 daAuts
 Abyss:1: 71 daAuts
